[ AOE2 MATCH · #463567315 ]
UnrankedArmenians vs Khmer
[ REPLAY ANALYSIS · EXTRACTED FROM THE RECORDED GAME ]
Feudal
12:39
Castle
18:02
Imperial
40:11
| APM avg | 35.6 |
| APM peak | 86 |
| eAPM avg | 18.6 |
| Villagers / military | 102 / 154 |
Focus
⚔️ 41.0% · 🌾 59.0%
Spearman ×65 · Scorpion ×41 · Mangonel ×28 · Trade Cart ×8 · Warrior Priest ×8 · Composite Bowman ×7
Feudal
—
Castle
—
Imperial
—
| APM avg | 14.3 |
| APM peak | 83 |
| eAPM avg | 11.3 |
| Villagers / military | 125 / 180 |
Focus
⚔️ 43.4% · 🌾 56.6%
Scorpion ×95 · Scout Cavalry ×83 · Trade Cart ×5 · Trebuchet (Packed) ×2
Feudal
10:44
Castle
26:26
Imperial
46:15
| APM avg | 26.6 |
| APM peak | 74 |
| eAPM avg | 14.8 |
| Villagers / military | 124 / 163 |
Focus
⚔️ 34.6% · 🌾 65.4%
Janissary ×64 · Militia ×51 · Archer ×10 · Scorpion ×10 · Battering Ram ×7 · Knight ×5
Feudal
12:36
Castle
22:04
Imperial
39:02
| APM avg | 11.9 |
| APM peak | 43 |
| eAPM avg | 9.9 |
| Villagers / military | 91 / 125 |
Focus
⚔️ 46.4% · 🌾 53.6%
Militia ×76 · Scorpion ×45 · Trebuchet (Packed) ×3 · Mangonel ×1
Feudal
11:40
Castle
21:18
Imperial
34:35
| APM avg | 10.3 |
| APM peak | 28 |
| eAPM avg | 6.6 |
| Villagers / military | 105 / 48 |
Focus
⚔️ 25.0% · 🌾 75.0%
Hussite Wagon ×30 · Spearman ×16 · Bombard Cannon ×2
Feudal
9:29
Castle
17:49
Imperial
34:37
| APM avg | 17.2 |
| APM peak | 36 |
| eAPM avg | 13.5 |
| Villagers / military | 101 / 183 |
Focus
⚔️ 39.5% · 🌾 60.5%
Knight ×175 · Mangonel ×4 · Trade Cart ×2 · Scout Cavalry ×2 · Trebuchet (Packed) ×2
Match map
Initial resources + every placement click. Lines = walls · curves = elevation contours. ◆ gold · ⬟ stone · ● berries · ✦ relic · ◌ wall gap
Your base· ✓ Closed at 18:02 · 1t walls · 2 gate(s)
UnversedFan9823's base· ✓ Closed at 13:53 · 0t walls · 2 gate(s)
Exterminador BR's base· ✓ Closed at 26:26 · 0t walls · 2 gate(s)
Whalter's base· ✓ Closed at 22:04 · 0t walls · 3 gate(s)
Vicho's base· ✓ Closed at 21:18 · 0t walls · 2 gate(s)
VMA's base· ✓ Closed at 17:49 · 0t walls · 3 gate(s)
Smoothed initial terrain · ◌ = detected wall gap · hover for details
Inputs per minute
— Twitch.tv/oPiorDocen4rio - - UnversedFan9823
Build order — Twitch.tv/oPiorDocen4rio
First 150 of 289 actions detected
| 0:03 | Create | Villager (Male) ×4 |
| 0:04 | Build | House |
| 0:05 | Build | House |
| 1:20 | Create | Villager (Male) |
| 1:49 | Build | Mule Cart |
| 1:55 | Create | Villager (Male) |
| 2:20 | Create | Villager (Male) |
| 2:59 | Create | Villager (Male) |
| 3:27 | Create | Villager (Male) |
| 3:55 | Create | Villager (Male) |
| 4:21 | Create | Villager (Male) |
| 4:22 | Build | House |
| 4:56 | Create | Villager (Male) |
| 4:56 | Create | Villager (Male) |
| 5:02 | Create | Villager (Male) |
| 5:07 | Build | House |
| 5:29 | Create | Villager (Male) |
| 5:47 | Create | Villager (Male) |
| 5:47 | Create | Villager (Male) |
| 6:07 | Build | House |
| 6:23 | Build | Mill |
| 6:27 | Create | Villager (Male) |
| 6:28 | Create | Villager (Male) |
| 6:52 | Create | Villager (Male) |
| 7:03 | Build | Mule Cart |
| 7:16 | Build | Mill |
| 7:23 | Create | Villager (Male) |
| 7:23 | Create | Villager (Male) |
| 7:51 | Create | Villager (Male) |
| 8:04 | Create | Villager (Male) |
| 8:17 | Build | House |
| 9:03 | Create | Villager (Male) |
| 10:07 | Build | Palisade Wall |
| 10:28 | Build | Farm |
| 10:29 | Research | Feudal Age |
| 10:39 | Build | Farm |
| 10:56 | Build | Farm |
| 10:59 | Build | Farm |
| 12:39 | Age | Feudal Age |
| 12:43 | Build | Market |
| 13:25 | Build | Blacksmith |
| 15:22 | Research | Castle Age |
| 17:59 | Research | Double-Bit Axe |
| 18:02 | Age | Castle Age |
| 18:22 | Build | Castle |
| 18:32 | Build | Palisade Wall |
| 18:37 | Build | House |
| 18:39 | Build | House |
| 18:56 | Build | House |
| 18:59 | Build | House |
| 19:01 | Build | House |
| 19:13 | Create | Villager (Male) |
| 19:13 | Create | Villager (Male) |
| 19:13 | Create | Villager (Male) |
| 19:24 | Build | Monastery |
| 19:51 | Build | Town Center |
| 20:13 | Build | Farm |
| 20:15 | Build | Farm |
| 20:21 | Create | Warrior Priest |
| 20:21 | Create | Warrior Priest |
| 20:40 | Create | Villager (Male) |
| 20:40 | Create | Villager (Male) |
| 21:05 | Create | Villager (Male) |
| 21:05 | Create | Villager (Male) |
| 21:05 | Create | Villager (Male) |
| 21:30 | Build | Farm |
| 21:34 | Create | Villager (Male) |
| 21:55 | Create | Warrior Priest |
| 21:55 | Create | Warrior Priest |
| 22:00 | Create | Villager (Male) |
| 22:00 | Create | Villager (Male) |
| 22:04 | Research | Bow Saw |
| 22:07 | Research | Horse Collar |
| 22:13 | Build | Farm |
| 22:47 | Create | Villager (Male) |
| 22:47 | Create | Villager (Male) |
| 22:47 | Create | Villager (Male) |
| 22:50 | Create | Composite Bowman |
| 22:51 | Create | Composite Bowman |
| 22:58 | Create | Villager (Male) |
| 22:59 | Create | Villager (Male) |
| 23:38 | Build | Barracks |
| 23:41 | Create | Villager (Male) |
| 23:42 | Create | Villager (Male) |
| 23:48 | Build | Farm |
| 23:51 | Create | Villager (Male) |
| 23:56 | Build | Farm |
| 24:23 | Create | Warrior Priest |
| 24:23 | Create | Warrior Priest |
| 24:23 | Create | Warrior Priest |
| 24:26 | Build | Farm |
| 24:27 | Build | Farm |
| 24:49 | Build | Farm |
| 24:50 | Build | Farm |
| 24:50 | Build | Farm |
| 25:02 | Build | House |
| 25:03 | Build | House |
| 25:04 | Build | House |
| 25:04 | Build | House |
| 25:22 | Create | Warrior Priest |
| 26:00 | Research | Squires |
| 26:02 | Research | Pikeman (upgrade) |
| 26:03 | Create | Villager (Male) |
| 26:03 | Create | Villager (Male) |
| 26:08 | Create | Composite Bowman |
| 26:09 | Create | Composite Bowman |
| 26:09 | Create | Composite Bowman |
| 26:09 | Create | Composite Bowman |
| 26:12 | Create | Composite Bowman |
| 26:36 | Create | Villager (Male) |
| 26:36 | Create | Villager (Male) |
| 26:40 | Build | House |
| 26:42 | Build | House |
| 26:42 | Build | House |
| 27:48 | Build | Farm |
| 27:48 | Build | Farm |
| 27:50 | Research | Heavy Plow |
| 27:56 | Create | Villager (Male) |
| 27:56 | Create | Villager (Male) |
| 27:56 | Create | Villager (Male) |
| 27:56 | Create | Villager (Male) |
| 27:57 | Create | Villager (Male) |
| 28:10 | Build | Town Center |
| 28:21 | Build | House |
| 28:22 | Build | House |
| 28:23 | Build | House |
| 28:58 | Build | Siege Workshop |
| 28:59 | Build | Siege Workshop |
| 29:02 | Research | Halberdier (upgrade) |
| 29:04 | Create | Villager (Male) |
| 29:09 | Build | Farm |
| 29:11 | Build | Farm |
| 29:16 | Build | House |
| 29:18 | Build | House |
| 29:30 | Build | Farm |
| 29:59 | Create | Villager (Male) |
| 30:00 | Create | Villager (Male) |
| 30:12 | Build | Farm |
| 30:12 | Build | Farm |
| 30:18 | Create | Villager (Male) |
| 30:18 | Create | Villager (Male) |
| 30:25 | Research | Gold Mining |
| 30:30 | Research | Stone Mining |
| 30:39 | Create | Trade Cart |
| 30:39 | Create | Trade Cart |
| 30:40 | Create | Trade Cart |
| 30:40 | Create | Trade Cart |
| 30:57 | Create | Mangonel ×2 |
| 31:02 | Create | Villager (Male) |
| 31:02 | Create | Villager (Male) |
Build order — UnversedFan9823
First 150 of 430 actions detected
| 0:07 | Build | House |
| 0:10 | Create | Villager (Male) |
| 0:10 | Create | Villager (Male) |
| 0:10 | Create | Villager (Male) |
| 0:11 | Create | Villager (Male) |
| 0:11 | Create | Villager (Male) |
| 1:22 | Create | Villager (Male) |
| 1:50 | Create | Villager (Male) |
| 2:16 | Create | Villager (Male) |
| 2:16 | Create | Villager (Male) |
| 2:35 | Build | House |
| 2:42 | Create | Villager (Male) |
| 2:57 | Create | Villager (Male) |
| 3:28 | Create | Villager (Male) |
| 3:28 | Create | Villager (Male) |
| 3:41 | Build | House |
| 3:51 | Create | Villager (Male) |
| 3:51 | Create | Villager (Male) |
| 3:55 | Create | Villager (Male) |
| 4:56 | Create | Villager (Male) |
| 4:56 | Create | Villager (Male) |
| 4:56 | Create | Villager (Male) |
| 5:09 | Create | Villager (Male) |
| 5:46 | Create | Villager (Male) |
| 5:47 | Create | Villager (Male) |
| 6:05 | Build | Farm |
| 6:50 | Build | Lumber Camp |
| 7:27 | Research | Feudal Age |
| 7:50 | Build | House |
| 7:54 | Build | House |
| 8:49 | Build | Farm |
| 9:00 | Build | Farm |
| 9:24 | Create | Villager (Male) |
| 9:25 | Create | Villager (Male) |
| 9:25 | Create | Villager (Male) |
| 9:25 | Create | Villager (Male) |
| 9:25 | Create | Villager (Male) |
| 9:26 | Create | Villager (Male) |
| 9:26 | Create | Villager (Male) |
| 9:44 | Build | Mill |
| 9:56 | Create | Villager (Male) |
| 10:02 | Create | Villager (Male) |
| 10:17 | Build | Farm |
| 10:30 | Create | Villager (Male) |
| 10:42 | Build | Farm |
| 11:17 | Build | Mining Camp |
| 12:52 | Build | Farm |
| 12:59 | Build | Farm |
| 13:53 | Research | Castle Age |
| 14:07 | Build | House |
| 14:09 | Build | House |
| 14:54 | Create | Villager (Male) |
| 14:54 | Create | Villager (Male) |
| 14:54 | Create | Villager (Male) |
| 14:54 | Create | Villager (Male) |
| 14:55 | Create | Villager (Male) |
| 14:55 | Create | Villager (Male) |
| 15:05 | Create | Villager (Male) |
| 15:20 | Create | Villager (Male) |
| 15:45 | Research | Double-Bit Axe |
| 15:54 | Research | Horse Collar |
| 16:41 | Build | Town Center |
| 16:50 | Build | Town Center |
| 17:59 | Create | Villager (Male) |
| 17:59 | Create | Villager (Male) |
| 18:00 | Create | Villager (Male) |
| 18:00 | Create | Villager (Male) |
| 18:05 | Create | Villager (Male) |
| 18:05 | Create | Villager (Male) |
| 18:05 | Create | Villager (Male) |
| 18:06 | Create | Villager (Male) |
| 18:27 | Create | Villager (Male) |
| 18:36 | Build | Farm |
| 18:46 | Create | Villager (Male) |
| 19:04 | Create | Villager (Male) |
| 19:16 | Build | Farm |
| 19:24 | Build | Farm |
| 19:24 | Build | Farm |
| 19:25 | Build | Farm |
| 19:25 | Build | Farm |
| 19:25 | Build | Farm |
| 19:25 | Build | Farm |
| 19:25 | Build | Farm |
| 19:26 | Build | Farm |
| 19:26 | Build | Farm |
| 19:31 | Create | Villager (Male) |
| 19:31 | Create | Villager (Male) |
| 19:33 | Create | Villager (Male) |
| 19:34 | Create | Villager (Male) |
| 19:45 | Create | Villager (Male) |
| 19:45 | Create | Villager (Male) |
| 19:46 | Create | Villager (Male) |
| 20:00 | Build | House |
| 20:01 | Build | House |
| 20:15 | Create | Villager (Male) |
| 20:15 | Create | Villager (Male) |
| 20:30 | Build | Farm |
| 20:36 | Create | Villager (Male) |
| 20:37 | Create | Villager (Male) |
| 20:50 | Build | Farm |
| 20:57 | Create | Villager (Male) |
| 20:57 | Create | Villager (Male) |
| 21:00 | Create | Villager (Male) |
| 21:08 | Build | Lumber Camp |
| 21:16 | Create | Villager (Male) |
| 21:17 | Create | Villager (Male) |
| 21:36 | Build | Farm |
| 21:43 | Build | Farm |
| 21:51 | Build | Farm |
| 22:06 | Create | Villager (Male) |
| 22:06 | Create | Villager (Male) |
| 22:06 | Create | Villager (Male) |
| 22:10 | Create | Villager (Male) |
| 22:10 | Create | Villager (Male) |
| 22:11 | Create | Villager (Male) |
| 22:11 | Create | Villager (Male) |
| 22:25 | Build | House |
| 22:38 | Build | House |
| 22:46 | Create | Villager (Male) |
| 22:47 | Create | Villager (Male) |
| 22:51 | Create | Villager (Male) |
| 22:51 | Create | Villager (Male) |
| 22:51 | Create | Villager (Male) |
| 22:59 | Build | Farm |
| 23:00 | Build | Farm |
| 23:22 | Build | Farm |
| 23:34 | Build | Farm |
| 24:16 | Build | Farm |
| 24:27 | Build | Castle |
| 24:48 | Build | Market |
| 25:08 | Create | Villager (Male) |
| 25:08 | Create | Villager (Male) |
| 25:13 | Research | Imperial Age |
| 25:19 | Create | Villager (Male) |
| 25:19 | Create | Villager (Male) |
| 25:19 | Create | Villager (Male) |
| 25:25 | Build | Mining Camp |
| 25:36 | Research | Gold Mining |
| 25:45 | Build | Farm |
| 25:46 | Build | Farm |
| 25:48 | Build | Farm |
| 26:05 | Build | Farm |
| 26:09 | Create | Villager (Male) |
| 26:09 | Create | Villager (Male) |
| 26:09 | Create | Villager (Male) |
| 26:19 | Research | Bow Saw |
| 26:20 | Research | Bow Saw |
| 26:40 | Create | Villager (Male) |
| 26:40 | Create | Villager (Male) |
| 26:41 | Create | Villager (Male) |
Build order — Exterminador BR
First 150 of 430 actions detected
| 0:01 | Create | Villager (Male) |
| 0:02 | Create | Villager (Male) |
| 0:02 | Create | Villager (Male) |
| 0:02 | Create | Villager (Male) |
| 0:04 | Build | House |
| 0:07 | Build | House |
| 1:47 | Create | Villager (Male) |
| 2:25 | Research | Loom |
| 2:35 | Create | Villager (Male) |
| 3:00 | Create | Villager (Male) |
| 3:07 | Create | Villager (Male) |
| 3:35 | Create | Villager (Male) |
| 4:02 | Build | Lumber Camp |
| 4:28 | Create | Villager (Male) |
| 4:44 | Build | House |
| 4:50 | Create | Villager (Male) |
| 4:51 | Create | Villager (Male) |
| 5:51 | Create | Villager (Male) |
| 5:51 | Create | Villager (Male) |
| 6:34 | Create | Villager (Male) |
| 6:34 | Create | Villager (Male) |
| 6:39 | Build | House |
| 7:24 | Create | Villager (Male) |
| 7:34 | Build | House |
| 7:57 | Build | Mill |
| 8:34 | Research | Feudal Age |
| 8:39 | Build | Farm |
| 8:47 | Build | Farm |
| 9:51 | Create | Villager (Male) |
| 9:59 | Build | Farm |
| 10:04 | Build | Farm |
| 10:37 | Build | Outpost |
| 10:42 | Build | Outpost |
| 10:44 | Age | Feudal Age |
| 10:49 | Research | Horse Collar |
| 10:58 | Create | Villager (Male) |
| 11:03 | Build | Farm |
| 11:08 | Build | Farm |
| 11:41 | Create | Villager (Male) |
| 12:20 | Create | Villager (Male) |
| 12:21 | Create | Villager (Male) |
| 12:27 | Build | Farm |
| 12:37 | Create | Villager (Male) |
| 13:19 | Research | Double-Bit Axe |
| 13:37 | Create | Villager (Male) |
| 13:42 | Build | Farm |
| 13:48 | Build | Farm |
| 13:54 | Build | Farm |
| 14:29 | Create | Villager (Male) |
| 14:29 | Create | Villager (Male) |
| 14:41 | Build | Mining Camp |
| 14:48 | Build | Farm |
| 14:51 | Create | Villager (Male) |
| 14:56 | Build | House |
| 14:58 | Build | House |
| 15:04 | Create | Villager (Male) |
| 15:21 | Build | Mining Camp |
| 15:35 | Create | Villager (Male) |
| 15:39 | Research | Wheelbarrow |
| 15:40 | Create | Villager (Male) |
| 15:40 | Create | Villager (Male) |
| 15:48 | Build | Market |
| 15:53 | Build | House |
| 15:55 | Build | House |
| 15:59 | Create | Villager (Male) |
| 16:04 | Build | House |
| 16:06 | Build | House |
| 16:23 | Build | Barracks |
| 16:27 | Create | Villager (Male) |
| 16:39 | Create | Villager (Male) |
| 16:59 | Create | Villager (Male) |
| 17:13 | Create | Villager (Male) |
| 17:29 | Build | Watch Tower |
| 17:37 | Create | Militia |
| 17:38 | Create | Militia |
| 17:39 | Create | Militia |
| 18:00 | Build | Mining Camp |
| 18:30 | Create | Militia |
| 18:37 | Create | Villager (Male) |
| 18:37 | Create | Villager (Male) |
| 18:49 | Create | Villager (Male) |
| 19:09 | Build | Archery Range |
| 19:22 | Create | Villager (Male) |
| 19:29 | Build | House |
| 19:31 | Build | House |
| 19:32 | Build | House |
| 19:44 | Build | Blacksmith |
| 19:47 | Create | Villager (Male) |
| 19:57 | Research | Man-at-Arms (upgrade) |
| 20:01 | Create | Villager (Male) |
| 20:12 | Build | Farm |
| 20:17 | Build | Farm |
| 20:20 | Build | Farm |
| 20:23 | Create | Villager (Male) |
| 20:24 | Create | Villager (Male) |
| 20:36 | Create | Archer |
| 20:36 | Create | Archer |
| 20:36 | Create | Archer |
| 20:37 | Create | Archer |
| 21:00 | Research | Gold Mining |
| 21:02 | Create | Villager (Male) |
| 21:13 | Create | Villager (Male) |
| 21:59 | Create | Militia |
| 22:00 | Create | Militia |
| 22:11 | Create | Archer |
| 22:12 | Create | Archer |
| 22:32 | Build | House |
| 22:33 | Build | House |
| 22:51 | Create | Villager (Male) |
| 23:46 | Research | Castle Age |
| 24:04 | Build | Barracks |
| 24:29 | Create | Militia |
| 24:31 | Create | Militia |
| 24:35 | Create | Archer |
| 24:35 | Create | Archer |
| 24:45 | Research | Stone Mining |
| 24:53 | Create | Militia |
| 24:53 | Create | Militia |
| 25:00 | Build | Stable |
| 25:05 | Create | Villager (Male) |
| 25:13 | Build | House |
| 25:14 | Build | House |
| 25:15 | Build | House |
| 25:20 | Research | Scale Mail Armor |
| 25:21 | Research | Forging |
| 25:40 | Create | Archer |
| 25:41 | Create | Archer |
| 25:52 | Build | House |
| 25:53 | Build | House |
| 26:06 | Create | Militia |
| 26:06 | Create | Militia |
| 26:26 | Age | Castle Age |
| 26:38 | Create | Knight |
| 26:45 | Build | Barracks |
| 26:58 | Build | Castle |
| 27:10 | Create | Villager (Male) |
| 27:10 | Create | Villager (Male) |
| 27:16 | Build | Town Center |
| 28:09 | Create | Knight |
| 28:09 | Create | Knight |
| 28:09 | Create | Knight |
| 28:21 | Build | Monastery |
| 28:33 | Build | Siege Workshop |
| 28:41 | Create | Villager (Male) |
| 28:42 | Create | Villager (Male) |
| 28:42 | Create | Villager (Male) |
| 28:42 | Create | Villager (Male) |
| 28:49 | Research | Long Swordsman (upgrade) |
| 28:51 | Create | Militia |
| 28:51 | Create | Militia |
Build order — Whalter
First 150 of 308 actions detected
| 0:23 | Research | Loom |
| 0:24 | Create | Villager (Male) |
| 0:24 | Create | Villager (Male) |
| 0:24 | Create | Villager (Male) |
| 0:24 | Create | Villager (Male) |
| 0:52 | Build | House |
| 0:53 | Build | House |
| 0:55 | Build | House |
| 0:55 | Build | House |
| 1:57 | Create | Villager (Male) |
| 2:30 | Create | Villager (Male) |
| 3:18 | Create | Villager (Male) |
| 3:31 | Create | Villager (Male) |
| 4:10 | Create | Villager (Male) |
| 4:10 | Create | Villager (Male) |
| 5:01 | Create | Villager (Male) |
| 5:01 | Create | Villager (Male) |
| 5:01 | Create | Villager (Male) |
| 6:35 | Build | Mill |
| 6:54 | Build | Lumber Camp |
| 7:25 | Build | Mining Camp |
| 7:42 | Create | Villager (Male) |
| 7:43 | Create | Villager (Male) |
| 8:14 | Build | Mining Camp |
| 8:35 | Create | Villager (Male) |
| 10:26 | Research | Feudal Age |
| 11:21 | Build | Farm |
| 11:22 | Build | Farm |
| 11:23 | Build | Farm |
| 12:36 | Age | Feudal Age |
| 12:46 | Create | Villager (Male) |
| 12:46 | Create | Villager (Male) |
| 12:51 | Research | Double-Bit Axe |
| 12:56 | Research | Horse Collar |
| 13:19 | Build | House |
| 13:20 | Build | House |
| 13:22 | Build | House |
| 13:24 | Build | House |
| 13:42 | Create | Villager (Male) |
| 13:46 | Create | Villager (Male) |
| 13:46 | Create | Villager (Male) |
| 14:38 | Create | Villager (Male) |
| 14:48 | Research | Stone Mining |
| 15:11 | Build | Barracks |
| 15:29 | Build | House |
| 15:30 | Build | House |
| 15:32 | Build | House |
| 15:33 | Build | House |
| 15:47 | Create | Villager (Male) |
| 15:48 | Create | Villager (Male) |
| 15:54 | Create | Villager (Male) |
| 16:19 | Build | Market |
| 16:27 | Build | Blacksmith |
| 16:46 | Build | Farm |
| 16:51 | Build | Farm |
| 17:18 | Build | Farm |
| 17:27 | Build | House |
| 17:36 | Create | Villager (Male) |
| 18:07 | Build | Farm |
| 19:05 | Build | Farm |
| 19:24 | Research | Castle Age |
| 20:45 | Create | Militia |
| 20:48 | Create | Militia |
| 20:50 | Create | Militia |
| 21:02 | Build | Watch Tower |
| 21:14 | Create | Militia |
| 21:15 | Create | Militia |
| 21:42 | Build | Barracks |
| 21:49 | Build | Barracks |
| 22:04 | Age | Castle Age |
| 22:11 | Build | Siege Workshop |
| 22:38 | Create | Villager (Male) |
| 22:38 | Create | Villager (Male) |
| 22:38 | Create | Villager (Male) |
| 22:52 | Create | Mangonel |
| 23:21 | Build | Barracks |
| 23:33 | Research | Gold Mining |
| 23:41 | Build | Farm |
| 23:42 | Build | Farm |
| 23:54 | Create | Scorpion |
| 23:55 | Create | Scorpion |
| 24:30 | Research | Man-at-Arms (upgrade) |
| 24:30 | Create | Militia |
| 24:31 | Create | Militia |
| 24:31 | Create | Militia |
| 24:31 | Create | Militia |
| 24:32 | Create | Militia |
| 24:32 | Create | Militia |
| 24:32 | Create | Militia |
| 25:09 | Create | Scorpion |
| 25:09 | Create | Scorpion |
| 25:31 | Build | Farm |
| 25:36 | Create | Villager (Male) |
| 25:36 | Create | Villager (Male) |
| 25:37 | Create | Villager (Male) |
| 25:37 | Create | Villager (Male) |
| 25:37 | Create | Villager (Male) |
| 25:37 | Create | Villager (Male) |
| 25:38 | Create | Villager (Male) |
| 26:40 | Build | Castle |
| 28:39 | Create | Villager (Male) |
| 28:39 | Create | Villager (Male) |
| 28:39 | Create | Villager (Male) |
| 28:39 | Create | Villager (Male) |
| 28:40 | Create | Villager (Male) |
| 28:40 | Create | Villager (Male) |
| 28:40 | Create | Villager (Male) |
| 28:58 | Research | Long Swordsman (upgrade) |
| 29:20 | Build | Town Center |
| 29:28 | Build | Mill |
| 29:34 | Create | Villager (Male) |
| 30:04 | Create | Militia |
| 30:04 | Create | Militia |
| 30:05 | Create | Militia |
| 30:05 | Create | Militia |
| 30:05 | Create | Militia |
| 30:06 | Create | Militia |
| 30:06 | Create | Militia |
| 30:06 | Create | Militia |
| 30:06 | Create | Militia |
| 30:30 | Build | House |
| 30:31 | Build | House |
| 30:32 | Build | House |
| 31:10 | Build | Farm |
| 31:12 | Build | Farm |
| 31:13 | Build | Farm |
| 31:15 | Build | Farm |
| 31:16 | Build | Farm |
| 31:38 | Build | Farm |
| 31:43 | Create | Villager (Male) |
| 31:43 | Create | Villager (Male) |
| 31:43 | Create | Villager (Male) |
| 31:53 | Create | Militia |
| 31:53 | Create | Militia |
| 31:53 | Create | Militia |
| 31:54 | Create | Militia |
| 31:54 | Create | Militia |
| 32:26 | Build | Farm |
| 32:32 | Build | Farm |
| 32:35 | Create | Scorpion |
| 32:35 | Create | Scorpion |
| 32:36 | Create | Scorpion |
| 32:36 | Create | Scorpion |
| 32:36 | Create | Scorpion |
| 32:49 | Build | House |
| 32:51 | Build | House |
| 32:53 | Build | House |
| 32:54 | Build | House |
| 33:04 | Create | Militia |
| 33:04 | Create | Militia |
Build order — Vicho
First 150 of 283 actions detected
| 0:00 | Create | Villager (Male) |
| 0:01 | Create | Villager (Male) |
| 0:01 | Create | Villager (Male) |
| 0:01 | Create | Villager (Male) |
| 0:16 | Build | House |
| 0:18 | Build | House |
| 0:20 | Build | House |
| 0:22 | Build | House |
| 1:45 | Create | Villager (Male) |
| 1:49 | Research | Loom |
| 3:05 | Create | Villager (Male) |
| 3:05 | Create | Villager (Male) |
| 3:05 | Create | Villager (Male) |
| 3:06 | Create | Villager (Male) |
| 3:18 | Build | Mining Camp |
| 4:23 | Create | Villager (Male) |
| 4:23 | Create | Villager (Male) |
| 4:43 | Create | Villager (Male) |
| 4:44 | Create | Villager (Male) |
| 5:25 | Create | Villager (Male) |
| 5:39 | Create | Villager (Male) |
| 6:43 | Create | Villager (Male) |
| 6:43 | Create | Villager (Male) |
| 6:45 | Create | Villager (Male) |
| 6:58 | Build | Lumber Camp |
| 7:54 | Create | Villager (Male) |
| 8:25 | Create | Villager (Male) |
| 8:41 | Build | House |
| 8:42 | Build | House |
| 8:44 | Build | House |
| 8:45 | Build | House |
| 8:45 | Build | House |
| 9:14 | Build | Mill |
| 9:30 | Research | Feudal Age |
| 11:35 | Build | Barracks |
| 11:40 | Age | Feudal Age |
| 11:46 | Create | Villager (Male) |
| 11:47 | Create | Villager (Male) |
| 11:47 | Create | Villager (Male) |
| 11:47 | Create | Villager (Male) |
| 11:48 | Create | Villager (Male) |
| 11:48 | Create | Villager (Male) |
| 12:34 | Create | Spearman |
| 12:34 | Create | Spearman |
| 12:34 | Create | Spearman |
| 12:34 | Create | Spearman |
| 12:51 | Build | Mining Camp |
| 14:12 | Build | Market |
| 14:17 | Build | Blacksmith |
| 14:32 | Create | Villager (Male) |
| 14:32 | Create | Villager (Male) |
| 14:33 | Create | Villager (Male) |
| 14:33 | Create | Villager (Male) |
| 15:24 | Build | Farm |
| 15:24 | Build | Farm |
| 15:25 | Build | Farm |
| 15:26 | Build | Farm |
| 15:26 | Build | Farm |
| 15:40 | Research | Double-Bit Axe |
| 15:53 | Create | Villager (Male) |
| 15:54 | Create | Villager (Male) |
| 15:54 | Create | Villager (Male) |
| 15:56 | Create | Villager (Male) |
| 16:59 | Build | Farm |
| 17:19 | Research | Horse Collar |
| 18:38 | Research | Castle Age |
| 18:58 | Create | Spearman |
| 18:58 | Create | Spearman |
| 18:58 | Create | Spearman |
| 19:10 | Build | House |
| 19:11 | Build | House |
| 19:12 | Build | House |
| 19:14 | Build | House |
| 19:17 | Build | House |
| 19:24 | Build | Farm |
| 19:25 | Build | Farm |
| 19:25 | Build | Farm |
| 19:25 | Build | Farm |
| 19:26 | Build | Farm |
| 19:51 | Create | Spearman |
| 19:52 | Create | Spearman |
| 19:53 | Create | Spearman |
| 21:18 | Age | Castle Age |
| 21:21 | Research | Bow Saw |
| 21:25 | Build | Castle |
| 21:34 | Build | House |
| 21:39 | Build | House |
| 21:40 | Build | House |
| 21:42 | Build | House |
| 21:42 | Build | House |
| 21:43 | Build | House |
| 21:47 | Create | Villager (Male) |
| 21:47 | Create | Villager (Male) |
| 21:47 | Create | Villager (Male) |
| 21:47 | Create | Villager (Male) |
| 21:48 | Create | Villager (Male) |
| 22:02 | Build | Town Center |
| 22:50 | Create | Hussite Wagon |
| 22:51 | Create | Hussite Wagon |
| 22:51 | Create | Hussite Wagon |
| 22:51 | Create | Hussite Wagon |
| 22:52 | Create | Hussite Wagon |
| 23:02 | Research | Heavy Plow |
| 23:44 | Build | Mining Camp |
| 24:00 | Research | Pikeman (upgrade) |
| 24:01 | Research | Squires |
| 24:13 | Create | Villager (Male) |
| 24:13 | Create | Villager (Male) |
| 24:55 | Build | Castle |
| 25:34 | Create | Villager (Male) |
| 25:35 | Create | Villager (Male) |
| 25:35 | Create | Villager (Male) |
| 25:35 | Create | Villager (Male) |
| 25:35 | Create | Villager (Male) |
| 25:37 | Create | Villager (Male) |
| 25:37 | Create | Villager (Male) |
| 25:54 | Build | Lumber Camp |
| 26:21 | Build | Town Center |
| 26:28 | Build | Farm |
| 26:38 | Build | Farm |
| 26:43 | Build | Farm |
| 26:58 | Create | Hussite Wagon |
| 26:58 | Create | Hussite Wagon |
| 26:58 | Create | Hussite Wagon |
| 27:14 | Build | Farm |
| 27:16 | Build | Farm |
| 27:36 | Build | Farm |
| 27:55 | Build | Farm |
| 28:20 | Create | Villager (Male) |
| 28:20 | Create | Villager (Male) |
| 28:20 | Create | Villager (Male) |
| 28:21 | Create | Villager (Male) |
| 28:21 | Create | Villager (Male) |
| 28:21 | Create | Villager (Male) |
| 28:21 | Create | Villager (Male) |
| 28:22 | Create | Villager (Male) |
| 28:23 | Create | Villager (Male) |
| 28:24 | Create | Villager (Male) |
| 28:46 | Build | Farm |
| 29:05 | Build | Siege Workshop |
| 29:11 | Build | Farm |
| 29:12 | Build | Farm |
| 29:21 | Create | Villager (Male) |
| 29:21 | Create | Villager (Male) |
| 29:22 | Create | Villager (Male) |
| 29:22 | Create | Villager (Male) |
| 29:22 | Create | Villager (Male) |
| 29:23 | Create | Villager (Male) |
| 29:25 | Create | Villager (Male) |
| 29:32 | Build | Farm |
Build order — VMA
First 150 of 432 actions detected
| 0:01 | Create | Villager (Male) |
| 0:01 | Create | Villager (Male) |
| 0:04 | Build | House |
| 0:05 | Build | House |
| 0:25 | Create | Villager (Male) |
| 0:59 | Create | Villager (Male) |
| 1:00 | Create | Villager (Male) |
| 1:43 | Create | Villager (Male) |
| 2:08 | Create | Villager (Male) |
| 2:45 | Create | Villager (Male) |
| 3:10 | Create | Villager (Male) |
| 3:20 | Create | Villager (Male) |
| 3:24 | Build | House |
| 4:21 | Create | Villager (Male) |
| 4:45 | Create | Villager (Male) |
| 5:06 | Build | Lumber Camp |
| 5:22 | Create | Villager (Male) |
| 5:23 | Create | Villager (Male) |
| 6:05 | Create | Villager (Male) |
| 6:11 | Build | House |
| 6:22 | Build | Mill |
| 7:02 | Create | Villager (Male) |
| 7:21 | Research | Feudal Age |
| 7:50 | Create | Villager (Male) |
| 8:15 | Create | Villager (Male) |
| 9:05 | Build | House |
| 9:09 | Build | House |
| 9:18 | Build | Barracks |
| 9:29 | Age | Feudal Age |
| 10:09 | Create | Villager (Male) |
| 10:31 | Build | Farm |
| 10:32 | Build | Farm |
| 10:34 | Create | Villager (Male) |
| 10:43 | Build | Farm |
| 11:23 | Create | Villager (Male) |
| 11:24 | Create | Villager (Male) |
| 12:13 | Build | House |
| 12:14 | Create | Villager (Male) |
| 12:15 | Create | Villager (Male) |
| 12:16 | Create | Villager (Male) |
| 12:21 | Build | Farm |
| 12:22 | Build | Farm |
| 12:22 | Build | Farm |
| 12:52 | Build | Stable |
| 13:08 | Build | Mining Camp |
| 13:21 | Create | Villager (Male) |
| 13:45 | Create | Villager (Male) |
| 14:10 | Build | Market |
| 14:20 | Create | Villager (Male) |
| 14:44 | Create | Villager (Male) |
| 15:16 | Create | Villager (Male) |
| 15:24 | Research | Castle Age |
| 15:34 | Build | Blacksmith |
| 15:42 | Build | Farm |
| 16:07 | Build | Farm |
| 16:08 | Build | Farm |
| 16:08 | Build | Farm |
| 16:09 | Build | Farm |
| 16:10 | Build | Farm |
| 16:24 | Create | Villager (Male) |
| 16:26 | Create | Villager (Male) |
| 16:36 | Build | Mining Camp |
| 16:46 | Research | Double-Bit Axe |
| 17:09 | Build | Farm |
| 17:19 | Research | Horse Collar |
| 17:49 | Age | Castle Age |
| 17:53 | Create | Knight |
| 17:53 | Create | Knight |
| 18:20 | Create | Knight |
| 18:20 | Create | Knight |
| 18:36 | Build | Farm |
| 18:58 | Build | Town Center |
| 19:19 | Create | Knight |
| 19:21 | Research | Scale Barding Armor |
| 19:25 | Create | Villager (Male) |
| 19:53 | Create | Villager (Male) |
| 19:54 | Create | Villager (Male) |
| 20:00 | Build | House |
| 20:01 | Build | House |
| 20:02 | Build | House |
| 20:15 | Build | Farm |
| 20:34 | Create | Villager (Male) |
| 20:35 | Create | Villager (Male) |
| 20:35 | Create | Villager (Male) |
| 20:41 | Build | Lumber Camp |
| 20:50 | Create | Villager (Male) |
| 20:51 | Create | Villager (Male) |
| 21:00 | Create | Knight |
| 21:13 | Build | House |
| 21:19 | Create | Villager (Male) |
| 21:27 | Create | Villager (Male) |
| 21:28 | Create | Villager (Male) |
| 22:00 | Build | Farm |
| 22:07 | Build | Farm |
| 22:13 | Create | Villager (Male) |
| 22:14 | Create | Villager (Male) |
| 22:15 | Create | Villager (Male) |
| 22:28 | Research | Bow Saw |
| 22:38 | Research | Heavy Plow |
| 22:45 | Build | Farm |
| 22:55 | Create | Villager (Male) |
| 23:06 | Create | Villager (Male) |
| 23:36 | Create | Villager (Male) |
| 23:36 | Create | Villager (Male) |
| 23:43 | Build | House |
| 23:44 | Build | House |
| 23:45 | Build | House |
| 23:55 | Create | Villager (Male) |
| 24:07 | Build | Town Center |
| 24:12 | Create | Villager (Male) |
| 24:13 | Create | Villager (Male) |
| 24:25 | Create | Villager (Male) |
| 24:26 | Create | Villager (Male) |
| 24:42 | Build | Siege Workshop |
| 24:50 | Create | Villager (Male) |
| 24:51 | Create | Villager (Male) |
| 25:04 | Create | Villager (Male) |
| 25:06 | Research | Wheelbarrow |
| 25:07 | Research | Loom |
| 25:17 | Build | Farm |
| 25:17 | Build | Farm |
| 25:18 | Build | Farm |
| 25:19 | Build | Farm |
| 25:44 | Create | Villager (Male) |
| 25:45 | Create | Villager (Male) |
| 25:49 | Create | Knight |
| 25:50 | Create | Knight |
| 25:50 | Create | Knight |
| 25:59 | Create | Mangonel |
| 26:12 | Build | Stable |
| 26:22 | Create | Villager (Male) |
| 26:22 | Create | Villager (Male) |
| 26:23 | Create | Villager (Male) |
| 26:32 | Build | Farm |
| 26:32 | Build | Farm |
| 26:33 | Build | Farm |
| 26:39 | Create | Villager (Male) |
| 26:39 | Create | Villager (Male) |
| 27:05 | Build | Castle |
| 27:14 | Create | Villager (Male) |
| 27:15 | Create | Villager (Male) |
| 27:15 | Create | Villager (Male) |
| 27:18 | Create | Knight |
| 27:18 | Create | Knight |
| 27:57 | Create | Villager (Male) |
| 27:58 | Research | Hand Cart |
| 28:14 | Create | Villager (Male) |
| 28:23 | Build | House |
| 28:32 | Build | House |
| 28:33 | Build | House |
Match timeline
| 9:18 | VMA · first_building Barracks |
| 9:29 | VMA · age_up feudal |
| 10:07 | Twitch.tv/oPiorDocen4rio · wall_segment Palisade Wall x1 |
| 10:44 | Exterminador BR · age_up feudal |
| 11:35 | Vicho · first_building Barracks |
| 11:40 | Vicho · age_up feudal |
| 12:36 | Whalter · age_up feudal |
| 12:39 | Twitch.tv/oPiorDocen4rio · age_up feudal |
| 12:52 | VMA · first_building Stable |
| 15:11 | Whalter · first_building Barracks |
| 16:23 | Exterminador BR · first_building Barracks |
| 17:49 | VMA · age_up castle |
| 18:02 | Twitch.tv/oPiorDocen4rio · age_up castle |
| 18:15 | Vicho · first_market_buy 100 food |
| 18:22 | Twitch.tv/oPiorDocen4rio · first_building Castle |
| 18:32 | Twitch.tv/oPiorDocen4rio · wall_segment Palisade Wall x1 |
| 18:32 | Vicho · first_market_sell 100 wood |
| 18:49 | Whalter · first_market_buy 100 food |
| 19:09 | Exterminador BR · first_building Archery Range |
| 19:24 | Twitch.tv/oPiorDocen4rio · first_building Monastery |
| 20:13 | VMA · first_market_buy 100 wood |
| 21:18 | Vicho · age_up castle |
| 21:25 | Vicho · first_building Castle |
| 22:04 | Whalter · age_up castle |
| 22:11 | Whalter · first_building Siege Workshop |
| 23:38 | Twitch.tv/oPiorDocen4rio · first_building Barracks |
| 23:44 | Exterminador BR · first_market_sell 100 wood |
| 24:27 | UnversedFan9823 · first_building Castle |
| 24:42 | VMA · first_building Siege Workshop |
| 25:00 | Exterminador BR · first_building Stable |
| 26:26 | Exterminador BR · age_up castle |
| 26:40 | Whalter · first_building Castle |
| 26:58 | Exterminador BR · first_building Castle |
| 27:05 | VMA · first_building Castle |
| 27:42 | UnversedFan9823 · first_building Siege Workshop |
| 28:21 | Exterminador BR · first_building Monastery |
| 28:33 | Exterminador BR · first_building Siege Workshop |
| 28:58 | Twitch.tv/oPiorDocen4rio · first_building Siege Workshop |
| 29:05 | Vicho · first_building Siege Workshop |
| 29:54 | Exterminador BR · first_market_buy 100 food |
| 31:33 | VMA · first_market_sell 100 stone |
| 33:40 | Vicho · first_building Monastery |
| 34:35 | Vicho · age_up imperial |
| 34:37 | VMA · age_up imperial |
| 35:44 | Whalter · first_market_sell 100 wood |
| 37:21 | Twitch.tv/oPiorDocen4rio · first_market_buy 100 food |
| 39:02 | Whalter · age_up imperial |
| 40:11 | Twitch.tv/oPiorDocen4rio · age_up imperial |
| 41:47 | VMA · first_building Monastery |
| 42:38 | UnversedFan9823 · first_building Stable |
| 44:49 | Vicho · resign |
| 46:15 | Exterminador BR · age_up imperial |
| 48:28 | UnversedFan9823 · first_market_buy 100 stone |
[ AI ANALYSIS · 1 CREDIT ]
What really happened in this match?
Wolo.gg analyzes every decision: build order, eco, micro, common mistakes by bracket. Personalized analysis on WhatsApp or Discord in 30 seconds.
Civ guide
Armenians
Perfil
Jugador #20852396